 Dungeon Crawl Stone Soup version 0.28-a0-1312-g71652a0310 (webtiles) character file.

Game seed: 3442881990810022613

135 r3xj the Skirmisher (level 4, 0/37 HPs)
             Began as a Demonspawn Berserker on Dec 28, 2021.
             Was a Believer of Trog.
             Slain by a rat (2 damage)
             ... on level 1 of the Dungeon.
             The game lasted 00:05:36 (3221 turns).

r3xj the Skirmisher (Demonspawn Berserker)          Turns: 3221, Time: 00:05:37

Health: 0/37       AC:  3    Str: 19    XL:     4   Next: 97%
Magic:  4/4        EV: 12    Int:  8    God:    Trog [**....]
Gold:   65         SH:  0    Dex: 13    Spells: 3/3 levels left

rFire   . . .      SeeInvis .   a - +0 mace
rCold   + . .      Faith    .   (no shield)
rNeg    . . .      Spirit   .   g - +0 leather armour
rPois   .          Reflect  .   (no helmet)
rElec   .          Harm     .   (no cloak)
rCorr   .          Rampage  .   (no gloves)
Will    .....                   (no boots)
Stlth   +.........              (no amulet)
HPRegen 0.12/turn               b - ring of protection from cold
MPRegen 0.09/turn               (no ring)

@: no status effects
A: foul stench 1, powered by pain 1
a: Renounce Religion, Berserk, Trog's Hand


You were on level 1 of the Dungeon.
You worshipped Trog.
Trog was pleased with you.
You visited 1 branch of the dungeon, and saw 2 of its levels.

You collected 65 gold pieces.

Inventory:

Hand Weapons
 a - a +0 mace (weapon)
Armour
 g - a +0 leather armour (worn)
Jewellery
 b - a ring of protection from cold (left hand)
Scrolls
 d - a scroll of noise {unknown}
 h - a scroll of torment {unknown}
Potions
 c - a potion of lignification {unknown}
 e - a potion of curing {unknown}
 f - a potion of magic {unknown}


   Skills:
 + Level 3.7 Fighting
 + Level 3.4 Maces & Flails
 + Level 2.7 Armour
 + Level 2.8 Dodging


You had 3 spell levels left.
You didn't know any spells.
Your spell library was empty.

Dungeon Overview and Level Annotations

Branches:
Dungeon (2/15)

Altars:

Shops:
D:1 =

Annotations:
D:2 Sigmund


Innate Abilities, Weirdness & Mutations

You may rarely emit foul miasma when damaged in melee.
You sometimes gain a little power by taking damage.


Message History

The gnoll misses you.
You hear some strange, mumbled words.
Something tries to affect you, but you resist.
You're too confused to move!
The rat bites you. The gnoll hits you with a +0 whip.
You feel less confused. Something hits you! The rat misses you.
There is a stone staircase leading down here.
There is a stone staircase leading up, spattered with blood here.
The gnoll hits you with a +0 whip!
* * * LOW HITPOINT WARNING * * *
The rat bites you but does no damage.
You climb upwards.
Reactivating autopickup.
There is a stone staircase leading down here.
The rat closely misses you.
You hit the gnoll.
The gnoll is heavily wounded.
The gnoll misses you.
You hit the gnoll.
The gnoll is severely wounded.
The gnoll hits you with a +0 whip.
* * * LOW HITPOINT WARNING * * *
You hit the gnoll but do no damage.
The gnoll is severely wounded.
The gnoll hits you with a +0 whip.
* * * LOW HITPOINT WARNING * * *
You completely miss the gnoll.
The gnoll is severely wounded.
The gnoll hits you with a +0 whip.
* * * LOW HITPOINT WARNING * * *
You sock the gnoll!
You kill the gnoll!
Trog accepts your kill. The rat closely misses you.
You hit the rat.
The rat is heavily wounded.
The rat bites you.
You die...

######### #.......##
####.####...## #)r@.........#
####
##############>##.####....####(..
..................# ##.#........
.######.#.####..### #.######.##
.# ##.#.# #..#######.######.# .#
#..#.# #...............#.# .#
#.##.# #.########..###.#.# .#
#.##.# #.#...............# .#
#.##.# #.#.#######.###.###


You could see a rat.

Vanquished Creatures
  Jessica (D:2)
  3 gnolls
  3 adders (D:2)
  A worm (D:2)
  2 dart slugs
  2 endoplasms (D:1)
  2 giant cockroaches
  4 goblins
  3 hobgoblins
  4 jackals (D:1)
  7 kobolds
  9 ball pythons
  3 bats
  2 frilled lizards
  2 rats
48 creatures vanquished.

Notes
Turn   | Place    | Note
-------+----------+-------------------------------------------
     0 | D:1      | r3xj the Demonspawn Berserker began the quest for the Orb.
     0 | D:1      | Reached XP level 1. HP: 18/18 MP: 1/1
   445 | D:1      | Gained mutation: You may rarely emit foul miasma when
                  | damaged in melee. [demonic ancestry]
   445 | D:1      | Reached XP level 2. HP: 24/24 MP: 2/2
   906 | D:1      | Found a faded altar of an unknown god.
  1087 | D:1      | Found Zudug's Jewellery Emporium.
  1269 | D:1      | Reached XP level 3. HP: 28/29 MP: 3/3
  1547 | D:1      | Reached ** piety under Trog
  2302 | D:2      | Noticed Jessica
  2306 | D:2      | Killed Jessica
  2307 | D:2      | Gained mutation: You sometimes gain a little power by
                  | taking damage. [demonic ancestry]
  2307 | D:2      | Reached XP level 4. HP: 12/36 MP: 4/4
  3185 | D:2      | Noticed Sigmund
  3221 | D:1      | Slain by a rat

Illustrated notes

Levels and vault maps discovered:
D:1:      lightli_arrival_maybe_door_vault, layout_loops_ring,
          shapermc_ecumenical_altar_totnotflames, serial_shops, shop
D:2:      layout_basic, serial_park_tiny_1, uniq_sigmund, uniq_natasha,
          uniq_jessica

Skill      XL: |  1  2 |
---------------+-------+-----
Armour         | 2 |  2.7
Dodging        | 2 |  2.8
Maces & Flails | 3 |  3.4
Fighting       | |  3.7

Action                   |  1- 3 |  4- 6 || total
-------------------------+-------+-------++-------
Melee: Mace              |   109 |    41 ||   150
 Stab: Sleeping          |     1 |       ||     1
Armor: Animal skin       |    21 |       ||    21
       Leather armour    |     2 |     6 ||     8
Dodge: Dodged            |    78 |    30 ||   108

Table legend: (Time is in decaauts)
 A = Elapsed time spent in this place.
 B = Non-inter-level travel time spent in this place.
 C = Inter-level travel time spent in this place.
 D = Time resting spent in this place.
 E = Time spent auto-exploring this place.
 F = Levels seen in this place.
 G = Mean time per level.
                   A        B        C        D        E       F      G
               +--------+--------+--------+--------+--------+-----+--------+
         Total |   3259 |   3196 |     63 |    907 |   1833 |   2 | 1629.5 |
       Dungeon |   3259 |   3196 |     63 |    907 |   1833 |   2 | 1629.5 |
               +--------+--------+--------+--------+--------+-----+--------+

Top non-repeatable levels by time:
     D:1: 1663 daAuts
     D:2: 1595 daAuts
